 Dungeon Crawl Stone Soup version 0.17-a0-1760-ga6756ae (webtiles) character file.

71 kosy22 the Charmwright (level 4, 0/37 HPs)
             Began as a Draconian Skald on Sept 3, 2015.
             Slain by an adder (3 damage)
             ... on level 3 of the Dungeon.
             The game lasted 00:08:25 (1747 turns).

kosy22 the Charmwright (Draconian Skald)            Turns: 1747, Time: 00:08:25

Health: 0/37       AC:  8    Str: 15    XL:     4   Next: 5%
Magic:  0/7        EV: 11    Int: 13    God:
Gold:   141        SH:  3    Dex: 10    Spells: 3 memorised, 1 level left

rFire  . . .     SeeInvis .     a - +0 falchion
rCold  . . .     Clarity  .     (armour unavailable)
rNeg   . . .     SustAt   .     e - +0 buckler
rPois  .         Gourm    .     (helmet restricted)
rElec  .         Spirit   .     (no cloak)
rCorr  .         Warding  .     h - +2 pair of gloves
rMut   .         Stasis   .     (no boots)
MR     .....                    (no amulet)
Stlth  +.........               (no ring)
                                i - ring of flight

@: lethally poisoned (0 -> -9), very slightly contaminated, glowing, not
resistant to hostile enchantments, very unstealthy
A: unfitting armour, cold-blooded, AC +5
a: Evoke Flight


You were on level 3 of the Dungeon.
You were very full.

You visited 1 branch of the dungeon, and saw 3 of its levels.

You collected 141 gold pieces.

Inventory:

Hand weapons
 a - a +0 falchion (weapon)
Missiles
 q - a throwing net (quivered)
Armour
 e - a +0 buckler (worn)
 h - a +2 pair of gloves (worn)
Jewellery
 i - a ring of flight (left hand)
Scrolls
 d - a scroll of magic mapping
 m - a scroll of enchant armour
 p - a scroll of identify
Potions
 f - a potion of haste
 g - a potion of heal wounds {unknown}
 o - a potion of magic {unknown}
Books
 b - a book of Battle

   Spells                             Type                      Level
   a - Infusion                       Charms                       1
   b - Shroud of Golubria             Charms/Translocation         2
   c - Song of Slaying                Charms                       2
   d - Spectral Weapon                Hexes/Charms                 3
   e - Regeneration                   Charms/Necromancy            3
Comestibles
 c - 2 bread rations
 j - a meat ration
 k - 2 fruits
 n - a royal jelly


   Skills:
 + Level 2.5 Fighting
 + Level 2.5 Long Blades
 + Level 2.8 Dodging
 + Level 0.2 Stealth
 + Level 2.1 Spellcasting
 + Level 2.9 Charms


You had one spell level left.
You knew the following spells:

 Your Spells              Type           Power        Failure   Level  Hunger
a - Infusion              Chrm           #.....       14%         1    ##.....
b - Regeneration          Chrm/Necr      #.........   71%         3    ####...
c - Song of Slaying       Chrm           #.......     21%         2    ###....


Dungeon Overview and Level Annotations

Branches:
Dungeon (3/15)

Altars:


Innate Abilities, Weirdness & Mutations

Your plain brown scales are hard (AC +5).
Your body does not fit into most forms of armour.
You are cold-blooded and may be slowed by cold attacks.


Message History

The adder bites you but does no damage.
Casting: Regeneration
Confirm with . or Enter, or press ? or * to list all spells.
The spell is very dangerous to cast!
Continue anyway?
You miscast Regeneration.
You are outlined in light.
* * * LOW HITPOINT WARNING * * *
You feel sick. The adder barely misses you.
You barely miss the adder.
The adder is severely wounded.
* * * LOW HITPOINT WARNING * * *
You feel sick. The adder closely misses you.
You miss the adder.
The adder is severely wounded.
* * * LOW HITPOINT WARNING * * *
You feel sick. The adder bites you but does no damage. The adder bites you.
* * * LOW HITPOINT WARNING * * *
Read which item? (? for menu, Esc to quit)
As you read the scroll of fog, it crumbles to dust.
The scroll dissolves into smoke.
The adder bites you.
You die...

#...
##..#
#....
...
...
#§#
#§#
#@#
#S#
#o#
#w#
#.#
...
...
#....
...#.


You could see an adder and an orc.

Vanquished Creatures
  2 adders (D:2)
  An ooze (D:1)
  2 worms (D:2)
  3 giant geckos (D:1)
  2 giant cockroaches
  2 hobgoblins (D:2)
  9 jackals
  5 kobolds
  3 bats
  3 giant newts
  5 goblins
  6 rats
  3 fungi (D:1)
46 creatures vanquished.

Notes
Turn   | Place    | Note
--------------------------------------------------------------
     0 | D:1      | kosy22 the Draconian Skald began the quest for the Orb.
     0 | D:1      | Reached XP level 1. HP: 17/17 MP: 3/3
   168 | D:1      | Reached XP level 2. HP: 9/24 MP: 3/5
   913 | D:2      | Reached XP level 3. HP: 21/30 MP: 6/6
   919 | D:2      | Learned a level 3 spell: Regeneration
   923 | D:2      | Learned a level 2 spell: Song of Slaying
  1628 | D:3      | Reached XP level 4. HP: 32/37 MP: 7/7
  1747 | D:3      | Slain by an adder

Vault maps used:
D:1:      lemuel_arrival_muddy
D:3:      first_bread

Action                   |  1- 3 |  4- 6 || total
-------------------------+-------+-------++-------
Melee: Falchion          |   171 |    33 ||   204
 Cast: Infusion          |     2 |     1 ||     3
  Use: Scroll            |     7 |     2 ||     9
  Eat: Bread ration      |     2 |       ||     2
       Fruit             |     2 |       ||     2
